 Dungeon Crawl Stone Soup version 0.29-a0-284-gf9362112df (console) character file.

Game seed: 14976767343854169995

999 petzl the Stinger (level 8, -24/58 HPs)
             Began as a Formicid Arcane Marksman on Mar 20, 2022.
             Killed from afar by a centaur (40 damage)
             ... with a bolt of acid
             ... on level 8 of the Dungeon on Mar 21, 2022.
             The game lasted 00:30:23 (4610 turns).

petzl the Stinger (Formicid Arcane Marksman)        Turns: 4610, Time: 00:30:24

Health: -24/58     AC:  2    Str: 16    XL:     8   Next: 43%
Magic:  8/14       EV: 15    Int: 14    God:
Gold:   299        SH:  0    Dex: 11    Spells: 8/15 levels left

rFire   + . .      SeeInvis +   b - +2 short sword (protect)
rCold   . . .      Faith    .   (no shield)
rNeg    . . .      Spirit   .   p - +1 ring mail {rPois}
rPois   +          Reflect  .   (helmet unavailable)
rElec   .          Harm     .   t - scarf {repulsion}
rCorr   .          Rampage  .   (no gloves)
Will    .....                   (no boots)
Stlth   ++........              n - amulet of regeneration
HPRegen 0.99/turn               w - +4 ring of evasion
MPRegen 0.14/turn               x - ring of protection from fire

@: corroded, flying, repel missiles
A: permanent stasis, dig shafts and tunnels, antennae 3, four strong arms
a: Dig, Shaft Self


You were on level 8 of the Dungeon.
You visited 1 branch of the dungeon, and saw 8 of its levels.
You also visited: Sewer.

You collected 299 gold pieces.

Inventory:

Hand Weapons
 a - a +2 hand crossbow
 b - a +2 short sword of protection (weapon)
 c - a +0 double sword
Missiles
 y - 12 poisoned darts
Armour
 i - a +0 kite shield
 j - a +0 leather armour
 p - a +1 ring mail of poison resistance (worn)
 t - a scarf of repulsion (worn)
Jewellery
 n - an amulet of regeneration (around neck)
 w - a +4 ring of evasion (left hand)
 x - a ring of protection from fire (right hand)
Wands
 A - a wand of flame (26)
 D - a wand of polymorph (3)
Scrolls
 e - 3 scrolls of teleportation {unknown}
 l - a scroll of fear {unknown}
 m - a scroll of immolation {unknown}
 v - 4 scrolls of vulnerability
 B - a scroll of amnesia
 E - a scroll of enchant armour
Potions
 d - a potion of mutation {unknown}
 f - a potion of degeneration {unknown}
 g - a potion of attraction {unknown}
 h - 2 potions of flight
 k - 2 potions of brilliance {unknown}
 o - 2 potions of curing
 q - 2 potions of heal wounds {unknown}
 s - 2 potions of haste {unknown}
 z - a potion of magic {unknown}


   Skills:
 - Level 3.0 Fighting
 - Level 3.2 Crossbows
 - Level 3.9 Armour
 - Level 3.0 Dodging
 - Level 3.4 Stealth
 - Level 4.0 Spellcasting
 - Level 3.6 Hexes
 - Level 1.7 Air Magic
 + Level 5.2 Poison Magic


You had 8 spell levels left.
You knew the following spells:

 Your Spells              Type           Power      Damage    Failure   Level
a - Slow                  Hex            52%        N/A       8%          1
b - Poisonous Vapours     Pois/Air       24%        N/A       12%         2
c - Olgreb's Toxic Radia  Pois           17%        N/A       36%         4

Your spell library contained the following spells:

 Spells                   Type           Power      Damage    Failure   Level
 Sting                    Tmut/Pois      40%        1d5       12%         1
 Summon Small Mammal      Summ           8%         N/A       34%         1
 Corpse Rot               Necr/Air       10%        N/A       36%         2
 Inner Flame              Hex/Fire       7%         N/A       45%         3
 Portal Projectile        Hex/Tloc       14%        N/A       45%         3
 Summon Guardian Golem    Hex/Summ       7%         N/A       45%         3
 Cause Fear               Hex            6%         N/A       61%         4
 Call Canine Familiar     Summ           2%         N/A       71%         3
 Gell's Gravitas          Tloc           2%         N/A       71%         3
 Lesser Beckoning         Tloc           2%         N/A       71%         3
 Teleport Other           Tloc           2%         N/A       71%         3


Dungeon Overview and Level Annotations

Branches:
Dungeon (9/15)              Sewer (visited)
 Temple: D:4-7         Lair: D:8-11         Orc: D:9-12

Altars:

Annotations:
D:5 Grinder, Sigmund
D:8 1 runed translucent door, exclusion: downstairs, drugrobin's ghost, novice DgFi


Innate Abilities, Weirdness & Mutations

You cannot be hasted, slowed, berserked, paralysed or teleported.
You can dig through walls and to a lower floor.
You have a pair of large antennae on your head. (SInv)
Your four strong arms can wield two-handed weapons with a shield.


Message History

Aim: a centaur, wielding a +0 shortbow and carrying a wand of acid (3) (chance to affect: 51%)
The centaur seems to slow down.
The centaur shoots an arrow.
The arrow misses you.
The centaur shoots an arrow.
The arrow misses you.
The centaur shoots an arrow.
The arrow hits you!
The centaur shoots an arrow.
The arrow closely misses you.
The centaur shoots an arrow.
The arrow closely misses you.
Your magical contamination has completely faded away.
You see here 19 gold pieces.
The centaur unwields a +0 shortbow.
The centaur closely misses you. The centaur barely misses you.
Casting: Slow (safe; 8% risk of failure)
Confirm with . or Enter, or press ? or * to list all spells.
Aiming: Poisonous Vapours (safe; 12% risk of failure)
Press: ? - help, Dir - move target, f/p - centaur
Aim: a centaur, carrying a wand of acid (3) (slow) Poisonous vapours surround the centaur!
The centaur is poisoned.
The centaur closely misses you. The centaur misses you.
Casting: Poisonous Vapours (safe; 12% risk of failure)
Confirm with . or Enter, or press ? or * to list all spells.
Aiming: Poisonous Vapours (safe; 12% risk of failure)
Press: ? - help, Dir - move target, f/p - centaur
Aim: a centaur, carrying a wand of acid (3) (poisoned, slow) Poisonous vapours surround the centaur!
The centaur looks even sicker.
The centaur zaps a wand.
The bolt of acid hits you!!!
Ouch! That really hurt!
* * * LOW HITPOINT WARNING * * *
The acid corrodes you!
Aiming: Polymorph
Press: ? - help, Shift-Dir - straight line, f/p - centaur
Aim: a centaur, carrying a wand of acid (2) (very poisoned, slow, will become a bullfrog, a scorpion, or a howler monkey, chance to affect: 49%)
The centaur resists with some effort.
The centaur closely misses you.
The centaur kicks you but does no damage.
It was a potion of flight.
You feel very buoyant.
You fly up into the air.
The centaur hits you.
* * * LOW HITPOINT WARNING * * *
The centaur completely misses you.
It was a potion of curing.
You feel better. The centaur closely misses you.
The centaur completely misses you.
You barely miss the centaur.
The centaur is lightly wounded.
The centaur zaps a wand.
The bolt of acid hits you!!!
Ouch! That really hurt!
You die...

.#.# ....... ...#
......... #..
........ #.#
........
#.#######......
#.............###
##......####
#...####
##......###
#......#
##.........##
#..###.....#
#...........## #..#
###..
##............#
#..#
##............##
#..#
##.............#
#..#### {
##.............##
##.....###
##..#.....[.....#
#........#
##..#...........##
##.........#
##..##...........#
#...........
##..###..........##
##..$........ #..##
###........#
#...@........ ..##
####.....#
##...c........ ...#
####..#
#.............
...## #..#
#............
....##
##.###.†..........
.....#
#.##.............
.....##
#..#.............
......#
#....##+##.......
...<.##
#{...#W$.#....
.....#
#######.####P8P# ..
.....# ##........#
#### ....##
#.....c...# ....#
##.........# ..###
#.........## ###
##........# #
#........#
##.......#
..........##
#####.....#


You could see a centaur (very poisoned, slow).

Vanquished Creatures
  Eustachio (D:5)
  A black bear (D:4)
  A centaur (D:9)
  3 bullfrogs
  A scorpion (D:5)
  4 hounds
  Natasha (thrice) (D:3)
  An orc wizard (D:7)
  9 adders
  A white imp (D:5)
  6 worms
  10 orcs
  7 ball pythons
  7 bats
  13 endoplasms
  7 giant cockroaches
  A goblin (D:3)
  5 hobgoblins
  11 jackals
  7 kobolds
  11 quokkas
  9 frilled lizards
  4 rats
  A toadstool (D:1)
124 creatures vanquished.

Vanquished Creatures (others)
  A plant (D:4)
  3 toadstools (D:1)
4 creatures vanquished.

Grand Total: 128 creatures vanquished

Notes
Turn   | Place    | Note
-------+----------+-------------------------------------------
     0 | D:1      | petzl the Formicid Arcane Marksman began the quest for the
                  | Orb.
     0 | D:1      | Reached XP level 1. HP: 15/15 MP: 2/2
   185 | D:1      | Found a faded altar of an unknown god.
   273 | D:1      | Reached XP level 2. HP: 19/21 MP: 4/4
   826 | D:2      | Reached skill level 1 in Armour
   826 | D:2      | Reached skill level 1 in Stealth
   826 | D:2      | Reached XP level 3. HP: 16/26 MP: 3/5
  1269 | D:2      | Learned a level 2 spell: Poisonous Vapours
  1557 | D:3      | Noticed Natasha
  1671 | D:3      | Reached XP level 4. HP: 23/33 MP: 7/7
  1707 | D:3      | Killed Natasha
  1740 | D:3      | Noticed Natasha
  1747 | D:3      | You fall into a shaft and drop 1 floor!
  1818 | D:4      | Noticed a black bear
  1875 | D:5      | Entered Level 5 of the Dungeon
  1878 | D:5      | Noticed a scorpion
  1941 | D:5      | Reached XP level 5. HP: 31/38 MP: 6/8
  1963 | D:5      | Reached skill level 1 in Poison Magic
  2071 | D:4      | Reached XP level 6. HP: 44/44 MP: 7/10
  2423 | D:4      | Found a glowing drain.
  2429 | Sewer    | Entered a sewer
  2674 | Sewer    | Reached skill level 1 in Air Magic
  2738 | Sewer    | Reached skill level 2 in Poison Magic
  2832 | Sewer    | Reached XP level 7. HP: 32/51 MP: 6/11
  3230 | D:3      | Killed Natasha
  3237 | D:3      | Noticed Natasha
  3254 | D:3      | Killed Natasha
  3396 | D:3      | Learned a level 4 spell: Olgreb's Toxic Radiance
  3859 | D:5      | Noticed Eustachio
  3877 | D:5      | Killed Eustachio
  3878 | D:5      | Reached XP level 8. HP: 57/57 MP: 2/14
  4079 | D:5      | Noticed Sigmund
  4130 | D:5      | Reached skill level 3 in Poison Magic
  4170 | D:5      | Noticed Grinder
  4224 | D:4      | You fall into a shaft and drop 3 floors!
  4227 | D:7      | You fall into a shaft and drop 1 floor!
  4379 | D:9      | Reached skill level 4 in Poison Magic
  4383 | D:9      | Noticed a vampire
  4493 | D:8      | Found a runed translucent door.
  4493 | D:8      | Noticed drugrobin's ghost (novice DgFi)
  4515 | D:8      | Reached skill level 5 in Poison Magic
  4610 | D:8      | Killed from afar by a centaur

Illustrated notes

Levels and vault maps discovered:
D:1:      ldierk_water_garden, layout_loops_ring,
          dreamdust_ecumenical_altar_statues
D:2:      layout_rooms
D:3:      layout_basic, nicolae_figureground_pulse, uniq_natasha
D:4:      layout_rooms, gup_sewer_entry_spiral, serial_bayou_lagoon_b
D:5:      lemuel_ice_spiral_2, layout_basic, temple_statues,
          nicolae_elevator_lobby_plus, uniq_sigmund, uniq_grinder,
          uniq_eustachio
D:7:      layout_loops_ring, mainiacjoe_overflow_paths
D:8:      layout_cave_pods, gammafunk_ghost_grave, dreamdust_wishing_well
D:9:      layout_small_grid, minmay_puff

Skill      XL: |  1  2  3  4  5  6  7  8 |
---------------+-------------------------+-----
Armour         | 1 2 3 |  3.9
Dodging        | 2 3 |  3.0
Stealth        | 1 2 3 |  3.4
Spellcasting   | 2 3 4 |  4.0
Fighting       | 2 3 |  3.0
Poison Magic   | 1 2 5 |  5.2
Air Magic      | 1 |  1.7
Crossbows      | 3 |  3.2
Hexes          | |  3.6

Action                   |  1- 3 |  4- 6 |  7- 9 || total
-------------------------+-------+-------+-------++-------
Melee: Hand crossbow     |     1 |       |       ||     1
       Double sword      |     3 |    21 |       ||    24
       Short sword       |       |   224 |   161 ||   385
       Punch             |       |     1 |     1 ||     2
 Fire: Hand crossbow     |   113 |    60 |    28 ||   201
 Cast: Slow              |     1 |    36 |    31 ||    68
       Poisonous Vapours |       |     1 |    12 ||    13
 Abil: Dig               |     1 |       |     5 ||     6
       Shaft Self        |       |     1 |     2 ||     3
Evoke: Wand              |       |       |     3 ||     3
  Use: Scroll            |       |       |     6 ||     6
       Potion            |       |       |     2 ||     2
Armor: Robe              |     1 |       |       ||     1
       Leather armour    |     5 |       |       ||     5
       Ring mail         |    11 |   123 |    74 ||   208
       Skin              |       |       |    47 ||    47
Dodge: Dodged            |    51 |   190 |   205 ||   446
       Repelled          |       |       |     3 ||     3

Table legend: (Time is in decaauts)
 A = Elapsed time spent in this place.
 B = Non-inter-level travel time spent in this place.
 C = Inter-level travel time spent in this place.
 D = Time resting spent in this place.
 E = Time spent auto-exploring this place.
 F = Levels seen in this place.
 G = Mean time per level.
                   A        B        C        D        E       F      G
               +--------+--------+--------+--------+--------+-----+--------+
         Total |   4882 |   4618 |    264 |    448 |   1967 |   9 |  542.4 |
       Dungeon |   4319 |   4055 |    264 |    401 |   1967 |   8 |  539.9 |
         Sewer |    562 |    562 |      0 |     47 |      0 |   1 |  562.0 |
               +--------+--------+--------+--------+--------+-----+--------+

Top non-repeatable levels by time:
     D:4: 1243 daAuts
     D:1: 817 daAuts
     D:2: 797 daAuts
     D:3: 581 daAuts
   Sewer: 562 daAuts
     D:5: 483 daAuts
     D:8: 245 daAuts
     D:7: 98 daAuts
     D:9: 52 daAuts
